 Dungeon Crawl Stone Soup version 0.29-a0-375-g5102b3be25 (webtiles) character file.

Game seed: 16165393183427752839

122 bastard the Cudgeller (level 5, -1/32 HPs)
             Began as a Gargoyle Berserker on May 3, 2022.
             Was a Believer of Trog.
             Slain by an adder (2 damage)
             ... on level 3 of the Dungeon.
             The game lasted 00:02:37 (2224 turns).

bastard the Cudgeller (Gargoyle Berserker)          Turns: 2224, Time: 00:02:38

Health: -1/32      AC:  7    Str: 20    XL:     5   Next: 6%
Magic:  5/5        EV: 11    Int:  8    God:    Trog [**....]
Gold:   124        SH:  0    Dex: 11    Spells: 4/4 levels left

rFire   . . .      SeeInvis .   a - +1 mace
rCold   . . .      Faith    .   (no shield)
rNeg    + . .      Spirit   .   l - +0 leather armour
rPois   ∞          Reflect  .   (no helmet)
rElec   +          Harm     .   (no cloak)
rCorr   .          Rampage  .   (no gloves)
Will    .....                   (no boots)
Stlth   +.........              (no amulet)
HPRegen 0.10/turn               (no ring)
MPRegen 0.09/turn               (no ring)

@: mighty, brilliant, on berserk cooldown, attractive
A: sickness immunity, AC +4, negative energy resistance 1, electricity
resistance, torment resistance 1, petrification resistance
a: Renounce Religion, Berserk, Trog's Hand


You were on level 3 of the Dungeon.
You worshipped Trog.
Trog was pleased with you.
You visited 1 branch of the dungeon, and saw 3 of its levels.

You collected 124 gold pieces.

Inventory:

Hand Weapons
 a - a +1 mace (weapon)
 h - a +0 flail
Armour
 l - a +0 leather armour (worn)
Scrolls
 k - 2 scrolls of teleportation
Potions
 b - a potion of flight
 c - a potion of heal wounds {unknown}
 j - a potion of curing {unknown}


   Skills:
 - Level 3.2 Fighting
 + Level 5.6 Maces & Flails
 - Level 2.1 Armour
 - Level 1.5 Dodging


You had 4 spell levels left.
You didn't know any spells.
Your spell library was empty.

Dungeon Overview and Level Annotations

Branches:
Dungeon (3/15)

Altars:


Innate Abilities, Weirdness & Mutations

You are immune to sickness and miasma.
Your stone body is resilient. (AC +4)
You are immune to poison.
You resist negative energy. (rN+)
You are resistant to electric shocks. (rElec)
You are resistant to unholy torment.
You are immune to petrification.


Message History

h - a +0 flail You feel a strong urge to attack something.
You are no longer berserk.
You are exhausted.
You feel yourself slow down. The adder attacks as you move away!
The adder bites you but does no damage. The adder closely misses you.
The adder attacks as you move away! The adder bites you but does no damage.
The adder bites you. The adder attacks as you move away!
The adder bites you. x2
The adder misses you. The adder attacks as you move away!
The adder closely misses you. The adder barely misses you.
You hit the adder but do no damage. The adder bites you but does no damage.
The adder bites you.
* * * LOW HITPOINT WARNING * * *
You hit the adder.
The adder is heavily wounded.
The adder bites you.
* * * LOW HITPOINT WARNING * * *
The adder bites you.
* * * LOW HITPOINT WARNING * * *
It was a potion of cancellation.
Your magical effects are unravelling.
You feel magically purged.
You feel yourself speed up. The adder bites you.
* * * LOW HITPOINT WARNING * * *
The adder bites you but does no damage.
It was a potion of might.
You feel very mighty all of a sudden. The adder closely misses you.
The adder bites you.
* * * LOW HITPOINT WARNING * * *
It was a potion of attraction.
You feel attractive to monsters. The adder closely misses you.
It was a potion of brilliance.
You feel clever all of a sudden. The adder bites you.
You die...

#.#..#.# #.#..#.#
#)#..### #.#..# #.#[.#
#.#..# ##########.#..#
#..........#..########
##.#########.gS@....<#
#......†....#########
#.########### ###


You could see an adder and a goblin.

Vanquished Creatures
  4 gnolls (D:3)
  5 adders (D:2)
  3 dart slugs (D:2)
  2 bats (D:2)
  2 endoplasms
  A giant cockroach (D:2)
  5 goblins
  4 hobgoblins
  4 kobolds
  A quokka (D:1)
  2 ball pythons (D:1)
  2 frilled lizards
  2 rats (D:1)
37 creatures vanquished.

Notes
Turn   | Place    | Note
-------+----------+-------------------------------------------
     0 | D:1      | bastard the Gargoyle Berserker began the quest for the Orb.
     0 | D:1      | Reached XP level 1. HP: 14/14 MP: 1/1
   306 | D:1      | Found a faded altar of an unknown god.
   455 | D:1      | Reached XP level 2. HP: 15/19 MP: 2/2
  1137 | D:2      | Reached skill level 4 in Maces & Flails
  1137 | D:2      | Reached XP level 3. HP: 17/23 MP: 3/3
  1534 | D:2      | Reached XP level 4. HP: 25/28 MP: 4/4
  1894 | D:2      | Reached skill level 5 in Maces & Flails
  2027 | D:2      | Reached ** piety under Trog
  2205 | D:3      | Reached XP level 5. HP: 23/32 MP: 5/5
  2222 | D:3      | HP: 1/32 [adder (3)]
  2224 | D:3      | Slain by an adder

Illustrated notes

Levels and vault maps discovered:
D:1:      doesnt_arrival_eight_statues, layout_loops_cross,
          basic_ecumenical_altar, minivault_19,
          nicolae_concentric_dashed_squares_wild
D:2:      layout_loops_ring
D:3:      layout_basic, nicolae_grassy_gnolls, uniq_ijyb

Skill      XL: |  1  2  3  4 |
---------------+-------------+-----
Maces & Flails | 4 5 |  5.6
Fighting       | |  3.2
Armour         | |  2.1
Dodging        | |  1.5

Action                   |  1- 3 |  4- 6 || total
-------------------------+-------+-------++-------
Melee: Mace              |    79 |    43 ||   122
Invok: Berserk           |       |     1 ||     1
  Use: Scroll            |       |     5 ||     5
       Potion            |       |     4 ||     4
 Stab: Sleeping          |     1 |       ||     1
Armor: Animal skin       |    31 |       ||    31
       Leather armour    |       |    12 ||    12
Dodge: Dodged            |    41 |    29 ||    70

Table legend: (Time is in decaauts)
 A = Elapsed time spent in this place.
 B = Non-inter-level travel time spent in this place.
 C = Inter-level travel time spent in this place.
 D = Time resting spent in this place.
 E = Time spent auto-exploring this place.
 F = Levels seen in this place.
 G = Mean time per level.
                   A        B        C        D        E       F      G
               +--------+--------+--------+--------+--------+-----+--------+
         Total |   2248 |   2198 |     50 |      0 |   1845 |   3 |  749.3 |
       Dungeon |   2248 |   2198 |     50 |      0 |   1845 |   3 |  749.3 |
               +--------+--------+--------+--------+--------+-----+--------+

Top non-repeatable levels by time:
     D:2: 1081 daAuts
     D:1: 1073 daAuts
     D:3: 93 daAuts
